Map: Proxima Station LE

Players

Lambo - Winner!

  • Race: Zerg Zerg
  • Spawn Location: 7:00

Gerald

  • Race: Protoss Protoss
  • Spawn Location: 1:00

Event: WCS Jonkoping 2017

VOD

Have the link to the VOD?

Description

Time

  • Played on: June 17, 2017, 6:38 a.m.
  • Length: 13:15

All games in this series

Show
View Real Time Build Order
Export as new Build Order

Lambo Zerg - Winner!

Build Orders: Hatch First 

Get SALT Encoding   

  12  0:00  Drone  
  13  0:12  Overlord  
  13  0:17  Drone  
  14  0:31  Drone x2  
  14  0:34  Drone  
  17  0:51  Hatchery  
  17  0:55  Drone  
  17  0:58  Drone  
  18  1:09  Extractor  
  17  1:13  Spawning Pool  
  17  1:17  Drone  
  17  1:21  Drone  
  18  1:30  Drone  
  19  1:42  Overlord  
  19  1:49  Drone  
  20  2:00  Queen  
  20  2:01  Zergling x2  
  23  2:03  Queen, Zergling x2  
  26  2:11  Metabolic Boost  
  26  2:12  Drone  
  26  2:14  Drone  
  28  2:23  Drone  
  29  2:30  Drone  
  30  2:38  Hatchery  
  30  2:41  Drone  
  30  2:48  Pneumatized Carapace  
  30  2:52  Drone  
  30  2:56  Overlord  
  31  3:00  Drone  
  31  3:02  Drone  
  33  3:08  Drone x3  
  36  3:19  Drone x2  
  38  3:20  Drone  
  38  3:21  Drone x3  
  42  3:27  Queen  
  42  3:31  Overlord  
  43  3:40  Drone x2  
  44  3:42  Drone  
  44  3:48  Drone  
  44  3:53  Drone x2  
  44  3:54  Drone x2  
  48  3:56  Lair  
  48  3:57  Drone  
  49  4:04  Drone x3  
  49  4:07  Queen  
  54  4:13  Drone  
  54  4:16  Spore Crawler  
  54  4:19  Drone  
  54  4:20  Drone x2  
  54  4:21  Spore Crawler  
  54  4:23  Spore Crawler  
  55  4:24  Overlord  
  55  4:30  Zergling x6  
  58  4:35  Roach Warren  
  57  4:39  Zergling x2  
  57  4:41  Overlord  
  57  4:42  Queen, Overlord  
  60  4:47  Overlord  
  60  4:51  Zergling x6  
  60  4:52  Zergling x2  
  64  4:56  Overseer  
  64  5:00  Zergling x2  
  64  5:01  Drone, Overlord  
  64  5:02  Queen  
  64  5:06  Overlord  
  68  5:08  Drone x3  
  68  5:10  Extractor  
  68  5:12  Extractor  
  68  5:13  Evolution Chamber  
  68  5:17  Roach x2  
  72  5:24  Roach x4  
  80  5:33  Roach x2  
  80  5:35  Drone x3  
  87  5:37  Drone x3  
  87  5:41  Overlord  
  90  5:45  Overlord  
  90  5:46  Extractor  
  87  5:57  Drone x6  
  87  5:58  Drone  
  87  6:01  Overlord  
  94  6:05  Queen  
  94  6:07  Glial Reconstitution, Zerg Missile Weapons Level 1  
  96  6:14  Roach x3  
  96  6:17  Overlord  
  100  6:26  Roach x5  
  100  6:32  Overlord  
  106  6:36  Roach x4  
  114  6:45  Overlord x2  
  114  6:49  Roach x2  
  114  6:50  Roach x2, Overlord  
  122  6:55  Overlord  
  122  6:58  Overseer  
  122  6:59  Overlord  
  122  7:03  Roach x2  
  122  7:06  Roach x3  
  132  7:11  Roach  
  132  7:12  Roach  
  136  7:18  Roach x3  
  142  7:23  Overlord x2  
  142  7:28  Roach  
  142  7:29  Roach x3  
  150  7:34  Roach x3  
  156  7:37  Roach x2  
  156  7:40  Overlord  
  162  7:44  Roach  
  162  7:47  Roach x4  
  170  7:52  Roach  
  170  7:54  Overseer  
  170  7:57  Roach  
  170  7:58  Roach x3  
  180  8:00  Overlord  
  180  8:04  Overseer  
  179  8:06  Roach x2  
  175  8:17  Roach x5  
  175  8:19  Zergling x2, Roach  
  173  8:20  Zergling x2  
  173  8:26  Zergling x4, Roach x2  
  162  8:27  Zergling x2  
  162  8:31  Zergling x2, Roach  
  162  8:32  Zergling x2  
  150  8:35  Roach x2  
  150  8:40  Roach  
  144  8:44  Roach x2  
  142  8:48  Roach  
  142  8:54  Roach x2  
  144  9:01  Roach x2  
  144  9:02  Roach x2  
  140  9:04  Roach  
  140  9:05  Roach  
  137  9:11  Roach  
  137  9:14  Roach  
  133  9:22  Roach x3  
  133  9:27  Zergling x4, Roach x3  
  133  9:28  Zergling x2  
  132  9:32  Zergling x6  
  132  9:33  Zergling x2  
  132  9:34  Hatchery  
  129  9:43  Extractor, Spire  
  129  9:45  Extractor, Zergling x6  
  130  9:50  Zergling x6, Roach x2  
  114  10:00  Zergling x2, Roach x2  
  114  10:02  Zergling x2  
  114  10:03  Zergling x4  
  112  10:13  Zergling x6, Roach  
  115  10:19  Zergling x2  
  115  10:20  Zergling x8  
  108  10:35  Zergling x12  
  104  10:46  Baneling Nest  
  102  10:54  Extractor  
  102  10:55  Zergling x16  
  102  10:56  Zergling x4  
  110  10:57  Extractor  
  110  10:58  Zerg Melee Weapons Level 1, Zerg Flyer Weapons Level 1  
  110  11:00  Mutalisk  
  110  11:01  Mutalisk x2  
  115  11:06  Mutalisk  
  115  11:07  Mutalisk  
  115  11:10  Mutalisk  
  121  11:17  Mutalisk x2  
  121  11:18  Mutalisk  
  121  11:22  Mutalisk  
  114  11:30  Mutalisk x2  
  103  11:34  Drone x5  
  103  11:36  Drone  
  103  11:38  Drone  
  103  11:39  Drone  
  111  11:40  Drone  
  111  11:41  Drone  
  111  11:45  Mutalisk  
  115  11:48  Centrifical Hooks  
  115  11:50  Drone  
  115  11:51  Drone  
  123  12:01  Zergling x2  
  123  12:05  Zergling x6  
  125  12:11  Baneling x8  
  125  12:17  Zergling x4  
  125  12:19  Ravager x2  
  125  12:20  Ravager  
  128  12:22  Roach  
  128  12:23  Roach x4  
  128  12:25  Baneling x4  
  128  12:28  Zergling x2  
  133  12:37  Zergling x10  
  131  12:45  Zergling x6  
  131  12:48  Zergling x4  
  131  12:50  Baneling x3  
  128  12:56  Zergling x6  
Show
View Real Time Build Order
Export as new Build Order

Gerald Protoss 

Build Orders: 1 Gate Expand, Zealot Archon, Dark Templar Rush 

Get SALT Encoding   

  12  0:00  Probe (Chrono Boost)  
  13  0:11  Probe (Chrono Boost)  
  14  0:17  Pylon  
  14  0:22  Probe (Chrono Boost)  
  15  0:35  Probe (Chrono Boost)  
  16  0:38  Gateway  
  16  0:44  Assimilator  
  16  0:47  Probe (Chrono Boost)  
  17  0:58  Probe (Chrono Boost)  
  18  1:08  Probe (Chrono Boost)  
  19  1:19  Probe (Chrono Boost)  
  20  1:26  Nexus  
  20  1:29  Probe (Chrono Boost)  
  21  1:38  Cybernetics Core  
  21  1:42  Probe (Chrono Boost)  
  22  1:48  Assimilator  
  22  1:52  Probe (Chrono Boost)  
  23  1:57  Pylon  
  23  2:15  Probe, Warp Gate, Adept (Chrono Boost)  
  26  2:22  Twilight Council  
  26  2:27  Probe  
  26  2:39  Probe, Adept (Chrono Boost)  
  26  2:43  Probe  
  30  2:51  Probe  
  30  2:53  Robotics Facility  
  30  2:57  Probe (Chrono Boost)  
  32  3:03  Probe (Chrono Boost)  
  33  3:09  Probe (Chrono Boost)  
  34  3:14  Probe (Chrono Boost), Dark Shrine  
  34  3:19  Probe (Chrono Boost)  
  36  3:25  Probe (Chrono Boost)  
  37  3:29  Adept  
  37  3:30  Probe (Chrono Boost)  
  40  3:36  Probe (Chrono Boost)  
  40  3:40  Probe (Chrono Boost)  
  42  3:46  Probe (Chrono Boost)  
  42  3:47  Warp Prism (Chrono Boost)  
  43  3:49  Probe  
  43  3:52  Gateway  
  43  3:53  Pylon  
  44  3:57  Gateway  
  44  4:05  Probe  
  44  4:06  Gateway  
  45  4:10  Mothership Core  
  45  4:11  Pylon  
  47  4:17  Probe  
  47  4:19  Assimilator  
  47  4:23  Assimilator  
  49  4:28  Warp Prism (Chrono Boost)  
  49  4:29  Probe  
  49  4:30  Probe  
  52  4:39  Pylon  
  52  4:43  Probe  
  53  4:46  Dark Templar  
  55  4:57  Dark Templar  
  55  4:58  Dark Templar  
  59  5:01  Probe  
  59  5:04  Probe, Dark Templar  
  59  5:05  Archon  
  63  5:10  Pylon, Archon  
  63  5:13  Probe  
  64  5:15  Probe  
  65  5:25  Probe  
  65  5:26  Probe  
  67  5:35  Dark Templar  
  67  5:36  Probe, Dark Templar  
  67  5:37  Probe  
  67  5:38  Nexus  
  67  5:40  Pylon  
  67  5:42  Dark Templar, Archon  
  75  5:47  Probe  
  77  6:01  Dark Templar  
  77  6:03  Charge  
  77  6:04  Pylon x2, Probe  
  78  6:05  Archon  
  78  6:06  Pylon  
  78  6:08  Probe  
  80  6:14  Immortal (Chrono Boost)  
  84  6:19  Probe  
  85  6:32  Probe x2  
  86  6:38  Sentry x2, Gateway x2  
  91  6:40  Gateway  
  91  6:43  Probe  
  91  6:44  Probe  
  91  6:45  Gateway  
  91  6:46  Pylon  
  93  6:49  Pylon  
  97  6:54  Immortal (Chrono Boost)  
  97  6:56  Probe  
  97  6:57  Probe  
  97  6:58  Probe  
  97  7:00  Sentry  
  102  7:01  Sentry  
  102  7:08  Pylon  
  104  7:10  Probe  
  104  7:12  Probe  
  101  7:30  Probe  
  101  7:31  Probe  
  101  7:32  Dark Templar x3  
  101  7:34  Probe  
  105  7:37  Archon  
  105  7:41  Pylon  
  105  7:42  Probe  
  106  7:45  Observer (Chrono Boost), Assimilator  
  106  7:48  Zealot x2, Pylon  
  106  7:49  Zealot x3  
  106  7:50  Assimilator  
  117  7:57  Forge  
  121  8:07  Zealot x3  
  121  8:09  Dark Templar  
  127  8:14  Zealot x4  
  99  8:27  Immortal (Chrono Boost)  
  99  8:28  Zealot x3  
  95  8:36  Zealot x3  
  95  8:37  Zealot  
  94  8:42  Probe  
  94  8:45  Zealot  
  89  8:51  Zealot x3, Probe  
  89  8:52  Probe  
  84  8:58  Zealot x2  
  84  8:59  Zealot x2  
  84  9:01  Immortal (Chrono Boost)  
  89  9:09  Zealot  
  80  9:15  Zealot  
  80  9:16  Zealot x2  
  69  9:28  Zealot x2  
  64  9:32  Sentry  
  64  9:35  Immortal (Chrono Boost)  
  64  9:37  Zealot x5, Probe x2  
  78  9:38  Probe  
  81  9:47  Probe  
  81  9:50  Probe  
  75  9:57  Zealot x4  
  69  10:11  Zealot  
  69  10:12  Sentry x3  
  68  10:20  Zealot x3  
  67  10:40  Zealot x3  
  67  10:41  Zealot x2  
  69  10:52  Sentry x3  
  73  11:09  Sentry x4  
  73  11:11  Nexus  
  81  11:12  Sentry  
  77  11:22  Zealot  
  77  11:23  Zealot  
  68  11:35  Sentry x6  
  80  11:40  Pylon  
  80  11:41  Probe  
  80  11:46  Sentry x2  
  85  11:47  Probe  
  86  12:00  Sentry x4  
  81  12:22  Dark Templar x2  
  82  12:28  Archon  
  63  12:52  Dark Templar x2  
Tags
 
Add a new tag
Caveats
  • Supply blocks, unpowered buildings, or Contaminate may cause inaccurate times.
  • Supply counts are checked every 10 seconds.